 Dungeon Crawl Stone Soup version 0.27.0-1-g7a089689b8 (webtiles) character file.

Game seed: 10556947239692358090

73 orehx the Digger (level 4, -2/27 HPs)
             Began as an Octopode Earth Elementalist on Aug 2, 2021.
             Slain by an iguana (9 damage)
             ... on level 4 of the Dungeon.
             The game lasted 00:05:37 (3773 turns).

orehx the Digger (Octopode Earth Elementalist)      Turns: 3773, Time: 00:05:38

Health: -2/27      AC:  1    Str:  7    XL:     4   Next: 27%
Magic:  15/17      EV: 13    Int: 18    God:
Gold:   167        SH:  0    Dex: 12    Spells: 2/8 levels left

rFire    . . .     SeeInvis .   i - +0 dagger
rCold    . . .     Faith    .   (no shield)
rNeg     . . .     Spirit   .   (helmet restricted)
rPois    .         Reflect  .   n - amulet of magic regeneration
rElec    .         Harm     .   e - ring of magical power
rCorr    .         Rampage  .   (no ring)
Will     .....                  (no ring)
Stlth    +++.......             (no ring)
HPRegen  0.09/turn              (no ring)
MPRegen  0.40/turn              (no ring)
                                (no ring)
                                (no ring)

@: very slightly contaminated
A: almost no armour, amphibious, 8 rings, camouflage 1, gelatinous body 1,
(nimble swimmer 1), tentacles
a: no special abilities


You were on level 4 of the Dungeon.
You visited 1 branch of the dungeon, and saw 4 of its levels.

You collected 167 gold pieces.

Inventory:

Hand Weapons
 i - a +0 dagger (weapon)
Missiles
 b - 76 stones
Jewellery
 e - a ring of magical power (left tentacle)
 n - an amulet of magic regeneration (around mantle)
Scrolls
 c - 2 scrolls of amnesia {unknown}
 g - 7 scrolls of teleportation {unknown}
 h - a scroll of fear {unknown}
 j - a scroll of summoning {unknown}
 k - a scroll of enchant weapon {unknown}
 o - a scroll of noise {unknown}
Potions
 a - 2 potions of degeneration {unknown}
 d - 2 potions of haste {unknown}
 f - 2 potions of attraction {unknown}
 l - a potion of heal wounds {unknown}
 m - a potion of berserk rage {unknown}
 p - a potion of might {unknown}


   Skills:
 - Level 2.0 Dodging
 - Level 2.6 Stealth
 + Level 2.9 Spellcasting
 - Level 1.0 Transmutations
 - Level 4.3 Earth Magic


You had 2 spell levels left.
You knew the following spells:

 Your Spells              Type           Power      Damage    Failure   Level
a - Sandblast             Erth           36%        2d10      2%          1
b - Passwall              Tmut/Erth      10%        N/A       9%          2
c - Stone Arrow           Conj/Erth      20%        3d8       21%         3

Your spell library contained the following spells:

 Spells                   Type           Power      Damage    Failure   Level
 Shock                    Conj/Air       8%         1d3       17%         1
 Swiftness                Air            2%         N/A       45%         3
 Petrify                  Tmut/Erth      12%        N/A       47%         4
 Airstrike                Air            1%         N/A       86%         4


Dungeon Overview and Level Annotations

Branches:
Dungeon (4/15)
 Temple: D:4-7

Altars:

Annotations:
D:1 exclusion: dart slug
D:3 3 runed translucent doors, simples's ghost, weakling MiFi


Innate Abilities, Weirdness & Mutations

You cannot wear most types of armour.
You are amphibious.
You can wear up to eight rings at the same time.
Your skin changes colour to match your surroundings (Stealth+).
Your rubbery body absorbs attacks. (AC +1, EV +1)
((You are camouflaged near water. (Stealth+)))
You have tentacles for arms and can constrict up to eight enemies at once.


Message History

Aim: an iguana (82% to hit)
The blast of sand hits the iguana.
The iguana is moderately wounded.
The orc hits you with a +0 dagger. The iguana bites you.
Casting: Sandblast (safe; 2% risk of failure)
Confirm with . or Enter, or press ? or * to list all spells.
Aiming: Sandblast (safe; 2% risk of failure)
Press: ? - help, Shift-Dir - straight line, f - orc, p - iguana
Aim: an orc, wielding a +0 dagger (79% to hit)
You miscast Sandblast.
You are very lightly contaminated with residual magic.
Nothing appears to happen.
The orc hits you with a +0 dagger. The iguana closely misses you.
Casting: Sandblast (safe; 2% risk of failure)
Confirm with . or Enter, or press ? or * to list all spells.
Aiming: Sandblast (safe; 2% risk of failure)
Press: ? - help, Shift-Dir - straight line, f/p - orc
Aim: an orc, wielding a +0 dagger (79% to hit)
The blast of sand hits the orc!
You kill the orc!
The iguana barely misses you.
Casting: Sandblast (safe; 2% risk of failure)
Confirm with . or Enter, or press ? or * to list all spells.
Aiming: Sandblast (safe; 2% risk of failure)
Press: ? - help, Shift-Dir - straight line, f - iguana
Aim: an iguana (lightly wounded, 82% to hit)
The blast of sand misses the iguana.
The iguana barely misses you.
You closely miss the iguana. You grab the iguana.
The iguana is lightly wounded.
You constrict the iguana, but do no damage.
The iguana bites you!
You hit the iguana.
The iguana is moderately wounded.
You constrict the iguana. The iguana bites you.
* * * LOW HITPOINT WARNING * * *
You hit the iguana but do no damage.
You squeeze the iguana, but do no damage.
The iguana is moderately wounded.
You constrict the iguana. The iguana bites you!
You die...

### #.## ###.## #...
##....##### ....#
#.........### ##...
##..........## .....##
##..........# .....#
#........)..#
.##!#.###..l.#.l@...#
..).........####....#
.............# #..#..#
........##..............
.......................#
................#.......
.....#..............## .
.....#..#.#.#.#.#.###
...................


You could see an iguana.

Vanquished Creatures
  An adder (D:2)
  A dart slug (D:2)
  4 orcs
  3 endoplasms
  4 giant cockroaches
  10 goblins
  7 hobgoblins
  2 jackals (D:3)
  A quokka (D:3)
  4 ball pythons
  6 bats
  3 frilled lizards
  A kobold (D:1)
  5 rats
52 creatures vanquished.

Notes
Turn   | Place    | Note
-------+----------+-------------------------------------------
     0 | D:1      | orehx the Octopode Earth Elementalist began the quest for
                  | the Orb.
     0 | D:1      | Reached XP level 1. HP: 11/11 MP: 3/3
   764 | D:1      | Reached XP level 2. HP: 16/17 MP: 1/5
  1404 | D:2      | Learned a level 2 spell: Passwall
  1417 | D:2      | Found a faded altar of an unknown god.
  1478 | D:2      | Reached skill level 4 in Earth Magic
  1573 | D:2      | Reached XP level 3. HP: 21/21 MP: 2/6
  2521 | D:3      | Learned a level 3 spell: Stone Arrow
  2798 | D:3      | Reached XP level 4. HP: 27/27 MP: 7/7
  3417 | D:3      | Noticed a kobold brigand
  3417 | D:3      | Noticed simples's ghost (weakling MiFi)
  3418 | D:3      | Found a runed translucent gate.
  3418 | D:3      | Found a runed translucent gate.
  3418 | D:3      | Found a runed translucent gate.
  3773 | D:4      | Slain by an iguana

Illustrated notes

Levels and vault maps discovered:
D:1:      minmay_arrival_glassed_features, layout_basic, corner_web_ring
D:2:      layout_loops_corners, shapermc_ecumenical_altar_flowoftime,
          kennysheep_generic_room_4
D:3:      layout_basic, gammafunk_ghost_nasty_kobolds, minmay_puff
D:4:      minmay_razor_zed, layout_cave_pools, minmay_temple_entry_glass

Skill      XL: |  1  2 |
---------------+-------+-----
Earth Magic    | 4 |  4.3
Dodging        | |  2.0
Stealth        | |  2.6
Spellcasting   | |  2.9
Transmutations | |  1.0

Action                   |  1- 3 |  4- 6 || total
-------------------------+-------+-------++-------
Melee: Unarmed           |    23 |       ||    23
       Constrict         |    18 |     7 ||    25
       Tentacles         |    10 |     5 ||    15
       Dagger            |    48 |    20 ||    68
 Cast: Sandblast         |    15 |     8 ||    23
       Passwall          |       |     1 ||     1
 Stab: Sleeping          |    19 |     1 ||    20
Armor: Skin              |     8 |     4 ||    12
Dodge: Dodged            |    44 |    16 ||    60
